 Dungeon Crawl Stone Soup version 0.30.0-29-ga12c61a403 (webtiles) character file.

Game seed: 11351357076242459500

28 BreadTh the Vexing (level 3, 15/15 HPs)
             Began as a Felid Enchanter on June 14, 2023.
             Quit the game on level 3 of the Dungeon.
             The game lasted 00:08:42 (1875 turns).

BreadTh the Vexing (Felid Enchanter)                Turns: 1875, Time: 00:08:43

Health: 15/15      AC:  1    Str:  4    XL:     3   Next: 0%
Magic:  16/16      EV: 18    Int: 16    God:
Gold:   156        SH:  0    Dex: 18    Spells: 0/6 levels left
                                        Lives:  0   Deaths: 1

rFire   . .          .
                       - Unarmed
rCold   + . .        (shield unavailable)
rNeg    . . .        (body armour unavailable)
rPois   .            (helmet unavailable)
rElec   .            (cloak unavailable)
rCorr   .            (gloves unavailable)
SInv    +            (boots unavailable)
Will    .....        (no amulet)
Stlth   +++          l - ring of protection from cold
HPRegen 0.22/turn    m - ring of magical power
MPRegen 0.15/turn

%: no passive effects
@: quick
A: very small, claws 1, fangs 3, see invisible, speed 1, shaggy fur 1, stealthy
paws, no weapons or thrown items, no armour, multi-lived
a: no special abilities


You were on level 3 of the Dungeon.
You visited 1 branch of the dungeon, and saw 3 of its levels.

You collected 156 gold pieces.

Inventory:

Jewellery
 l - a ring of protection from cold (left paw)
 m - a ring of magical power (right paw)
Scrolls
 c - a scroll of blinking {unknown}
 d - 4 scrolls of identify {unknown}
 e - a scroll of enchant weapon {unknown}
 g - a scroll of noise {unknown}
 h - a scroll of fog {unknown}
 j - a scroll of immolation {unknown}
Potions
 a - 2 potions of invisibility
 b - a potion of brilliance {unknown}
 f - a potion of curing {unknown}
 i - a potion of heal wounds
 k - a potion of attraction {unknown}


   Skills:
 + Level 1.4 Fighting
 + Level 3.5 Dodging
 + Level 4.7 Stealth
 + Level 1.8 Unarmed Combat
 - Level 2.0 Spellcasting
 + Level 5.0 Hexes


You couldn't memorise any spells.
You knew the following spells:

 Your Spells              Type           Power      Damage    Failure   Level
a - Confusing Touch       Hex            17%        N/A       8%          3
b - Tukima's Dance        Hex            17%        N/A       8%          3

Your spell library contained the following spells:

 Spells                   Type           Power      Damage    Failure   Level
 Ensorcelled Hibernation  Hex/Ice        18%        N/A       11%         2
 Dazzling Flash           Conj/Hex       18%        N/A       22%         3
 Blink                    Tloc           2%         N/A       30%         2
 Lesser Beckoning         Tloc           2%         N/A       30%         2
 Momentum Strike          Conj/Tloc      2%         3d8       30%         2
 Poisonous Vapours        Pois/Air       2%         N/A       30%         2
 Mephitic Cloud           Conj/Pois/Air  1%         N/A       52%         3
 Freezing Cloud           Conj/Ice/Air   0%         6-21      99%         5


Dungeon Overview and Level Annotations

Branches:
Dungeon (3/15)

Altars:
Zin

Annotations:
D:3 Grinder


Innate Abilities, Weirdness & Mutations

You have sharp claws.
You have razor-sharp teeth.
You have supernaturally acute eyesight. (SInv)
You cover ground quickly. (Speed+)
You are covered in fur. (AC +1)
Your paws help you pounce on unaware monsters.
You are incapable of wielding weapons or throwing items.
You cannot wear armour.
You gain extra lives every three experience levels.


Message History

The endoplasm is severely wounded.
The endoplasm freezes you.
You are frozen.
You resist.
You scratch the endoplasm.
You kill the endoplasm!
Grinder drinks a potion.
Grinder seems to speed up.
You have reached level 4!
Extra life!
Grinder gestures at you.
You suddenly lose the ability to move!
Grinder gestures at you.
You struggle to resist.
Grinder blinks!
You can move again.
Grinder gestures at you.
You shrug off the repeated paralysis!
Casting: Confusing Touch (extremely dangerous; 8% risk of failure)
Confirm with . or Enter, or press ? or * to list all spells.
The spell is extremely dangerous to miscast (8% risk of failure)!
Continue anyway? [Y]es or [N]o only, please.
The spell is extremely dangerous to miscast (8% risk of failure)!
Continue anyway?
Your paws begin to glow red.
Grinder gestures at you. Pain shoots through your body!
You scratch Grinder but do no damage. Grinder barely misses you.
Grinder hits you.
You writhe in agony.
* * * LOW HITPOINT WARNING * * *
You closely miss Grinder. Grinder gestures at you.
You suddenly lose the ability to move!
Grinder hits you but does no damage. Grinder hits you.
* * * LOW HITPOINT WARNING * * *
You writhe in agony.
You die...
You can move again.
You are now level 3!
You rejoin the land of the living...
Found a pair of gloves.
Unknown command.
Are you sure you want to abandon this character and quit the game? (Confirm with "yes".)

######## #.@....#
#......# #......#
+......+ #...
#[.....# #...
##...### #...
#...# .8. #...
#.⌠.###...#####...
............##...


There were no monsters in sight!

Vanquished Creatures
  3 adders (D:2)
  5 ball pythons
  5 endoplasms
  3 giant cockroaches
  2 goblins
  4 hobgoblins
  6 kobolds (D:1)
  A quokka (D:1)
  4 frilled lizards
  6 rats
39 creatures vanquished.

Notes
Turn   | Place    | Note
-------+----------+-------------------------------------------
     0 | D:1      | BreadTh the Felid Enchanter began the quest for the Orb.
     0 | D:1      | Reached XP level 1. HP: 7/7 MP: 4/4
   254 | D:1      | Reached XP level 2. HP: 12/12 MP: 6/6
   902 | D:1      | Reached skill level 1 in Fighting
  1054 | D:2      | Reached XP level 3. HP: 15/15 MP: 7/7
  1081 | D:2      | Found a glowing silver altar of Zin.
  1199 | D:2      | Learned a level 3 spell: Confusing Touch
  1212 | D:2      | Learned a level 3 spell: Tukima's Dance
  1258 | D:2      | Reached skill level 5 in Hexes
  1854 | D:3      | Noticed Grinder
  1868 | D:3      | Reached XP level 4. HP: 19/19 MP: 8/8
  1868 | D:3      | Paralysed by Grinder for 2 turns
  1873 | D:3      | Paralysed by Grinder for 2 turns
  1874 | D:3      | Slain by Grinder
  1875 | D:3      | Reached XP level 3. HP: -2/15 MP: 14/16
  1875 | D:3      | Quit the game

Illustrated notes

Levels and vault maps discovered:
D:1:      nagdon_arrival_zigzag_paths, layout_basic, nrook_mini_vaults,
          dreamdust_wishing_well, hangedman_decor_lopped
D:2:      layout_basic, basic_altar, kennysheep_generic_room_12
D:3:      layout_basic, nicolae_elevator_lobby_asterisk, uniq_grinder

Skill      XL: |  1  2  3 |
---------------+----------+-----
Dodging        | 3 |  3.5
Fighting       | 1 |  1.4
Hexes          | 5 |  5.0
Stealth        | |  4.7
Unarmed Combat | |  1.8
Spellcasting   | |  2.0

Action                     |  1- 3 |  4- 6 || total
---------------------------+-------+-------++-------
  Melee: Unarmed           |   120 |     2 ||   122
         Bite              |    11 |       ||    11
         Punch             |     2 |       ||     2
   Cast: Confusing Touch   |       |     1 ||     1
    Use: Potion            |     1 |       ||     1
   Stab: Sleeping          |    10 |       ||    10
 Armour: Skin              |     6 |     1 ||     7
  Dodge: Dodged            |   117 |     1 ||   118
